 Dungeon Crawl Stone Soup version 0.16.0-17-g811c1d7 (webtiles) character file.

140 esc the Digger (level 5, -1/28 HPs)
             Began as a Gargoyle Earth Elementalist on Mar 20, 2015.
             Was a Follower of Cheibriados.
             Slain by a river rat (6 damage)
             ... on level 3 of the Dungeon.
             The game lasted 00:09:37 (2285 turns).

esc the Digger (Gargoyle Earth Elementalist)        Turns: 2285, Time: 00:09:37

Health: -1/28      AC:  7    Str: 14    XL:     5   Next: 23%
Magic:  2/11       EV: 12    Int: 18    God:    Cheibriados [*.....]
Gold:   49         SH:  0    Dex: 12    Spells: 2 memorised, 7 levels left

rFire  + . .     SeeInvis .     a - +0 whip
rCold  . . .     Clarity  .     c - +1 robe
rNeg   + . .     SustAb   .     (no shield)
rPois  ∞         Gourm    .     (no helmet)
rElec  +         Spirit   .     (no cloak)
rCorr  .         Warding  .     (no gloves)
rMut   .         Stasis   .     (no boots)
MR     .....                    (no amulet)
Stlth  ++........               (no ring)
                                i - ring of protection from fire

@: very slow, not resistant to hostile enchantments, unstealthy
A: negative energy resistance 1, electricity resistance, unbreathing,
petrification resistance, rot immunity, AC +4
a: Bend Time, Renounce Religion


You were on level 3 of the Dungeon.
You worshipped Cheibriados.
Cheibriados was aware of your devotion.
You were not hungry.

You visited 1 branch of the dungeon, and saw 3 of its levels.

You collected 49 gold pieces.

Inventory:

Hand weapons
 a - a +0 whip (weapon)
Missiles
 k - 6 large rocks
 o - 34 stones (quivered)
Armour
 c - a +1 robe (worn)
Jewellery
 i - a ring of protection from fire (left hand)
 p - an uncursed ring of teleportation
Magical devices
 b - a wand of slowing (34)
Scrolls
 e - 2 scrolls of teleportation
 h - a scroll of identify
 q - a scroll of blinking {unknown}
 r - 2 scrolls of amnesia
Potions
 f - a potion of cancellation
 l - a potion of haste
Books
 d - a book of Geomancy

   Spells                             Type                      Level
   a - Sandblast                      Earth                        1
   b - Stoneskin                      Transmutation/Earth          2
   c - Passwall                       Transmutation/Earth          3
   d - Stone Arrow                    Conjuration/Earth            3
   e - Petrify                        Transmutation/Earth          4
   f - Lee's Rapid Deconstruction     Earth                        5
Comestibles
 g - 4 meat rations
 m - a slice of pizza
 s - 8 chunks of flesh


   Skills:
 + Level 0.4 Fighting
 + Level 2.0 Dodging
 - Level 2.1 Stealth
 + Level 3.6 Spellcasting
 + Level 1.8 Conjurations
   Level 0.7 Transmutations
 + Level 4.6 Earth Magic


You had 7 spell levels left.
You knew the following spells:

 Your Spells              Type           Power        Failure   Level  Hunger
a - Sandblast             Erth           ###...       1%          1    None
b - Stone Arrow           Conj/Erth      ##....       14%         3    ###....


Dungeon Overview and Level Annotations

Branches:
Dungeon (3/15)

Altars:
Cheibriados
Dithmenos

Portals:
Sewer: D:3


Innate Abilities, Weirdness & Mutations

You are resistant to torment.
You are immune to poison.
Your stone body is very resilient (AC +4).
You resist negative energy.
You are resistant to electric shocks.
You can survive without breathing.
You are immune to petrification.
You are immune to rotting.


Message History

The river rat twitches its whiskers.
The river rat bites you.
* * * LOW HITPOINT WARNING * * *
Casting: Sandblast
Confirm with . or Enter, or press ? or * to list all spells.
Aiming: Sandblast
Press: ? - help, Shift-Dir - straight line, f/p - river rat
Aim: a river rat (moderately wounded)
The blast of sand hits the river rat.
The river rat is moderately wounded.
The river rat barely misses you.
Casting: Sandblast
Confirm with . or Enter, or press ? or * to list all spells.
Aiming: Sandblast
Press: ? - help, Shift-Dir - straight line, f/p - river rat
Aim: a river rat (moderately wounded)
The blast of sand hits the river rat.
The river rat is heavily wounded.
The river rat bites you.
You die...

#(.#.##.#..........
#..#..#.#..........
###..##.#.#..........
..................... ....
#...........8.8.8.8 #...
#)###..##..####### #... #.#
#..##..##....# .###... #.#
##.##..##.##.# ....... #@#
#.##..##....< .......###r#
#.....#####..
.≈≈≈....r...####.##.........
≈≈≈≈≈...†............#######
≈≈∩≈≈...#...####.....#
≈≈≈≈...##### #.....# ≈≈≈....
#....... ....... .(#...## #
...... #.#...#


You could see a river rat.

Vanquished Creatures
  Ijyb (D:3)
  3 adders (D:2)
  A river rat (D:3)
  A giant mite (D:3)
  2 worms (D:2)
  The ghost of timbw the Ducker, a weakling SpIE (D:3)
  2 giant geckos (D:3)
  12 bats
  2 giant cockroaches (D:1)
  15 goblins
  6 hobgoblins
  5 ball pythons
  3 giant newts
  8 kobolds
  7 rats
69 creatures vanquished.

Notes
Turn   | Place    | Note
--------------------------------------------------------------
     0 | D:1      | esc, the Gargoyle Earth Elementalist, began the quest for the Orb.
     0 | D:1      | Reached XP level 1. HP: 10/10 MP: 3/3
   295 | D:1      | Reached skill level 4 in Earth Magic
   296 | D:1      | Reached XP level 2. HP: 15/15 MP: 1/4
   820 | D:1      | Reached XP level 3. HP: 19/19 MP: 4/6
   885 | D:1      | Learned a level 3 spell: Stone Arrow
  1433 | D:2      | Reached XP level 4. HP: 24/24 MP: 3/9
  1436 | D:2      | Found a snail-covered altar of Cheibriados.
  1519 | D:2      | Became a worshipper of Cheibriados the Contemplative
  1624 | D:2      | Reached skill level 1 in Conjurations
  1968 | D:3      | Noticed timbw's ghost (weakling SpIE)
  1971 | D:3      | Killed timbw's ghost
  2071 | D:3      | Found a shadowy altar of Dithmenos.
  2102 | D:3      | Noticed Ijyb
  2147 | D:3      | Killed Ijyb
  2147 | D:3      | Reached XP level 5. HP: 25/28 MP: 11/11
  2175 | D:3      | Found a glowing drain.
  2205 | D:3      | HP: 1/28 [river rat (6)]
  2209 | D:3      | Acquired Cheibriados' first power
  2285 | D:3      | Slain by a river rat

Action                   |  1- 3 |  4- 6 || total
-------------------------+-------+-------++-------
Melee: Whip              |       |    84 ||    84
 Cast: Sandblast         |    50 |    25 ||    75
  Use: Scroll            |    11 |       ||    11
       Potion            |       |     2 ||     2
  Eat: Bread ration      |     1 |       ||     1
